 Dungeon Crawl Stone Soup version 0.30.1-11-g7821555f0a (webtiles) character file.

Game seed: 11452415486437353488

412 cowcol the Chopper (level 6, 0/55 HPs)
             Began as a Minotaur Fighter on Jan 7, 2024.
             Slain by a wight
             ... wielding a +4 flail of freezing
              (11 damage)
             ... on level 5 of the Dungeon.
             The game lasted 00:10:04 (4026 turns).

cowcol the Chopper (Minotaur Fighter)               Turns: 4026, Time: 00:10:05

Health: 0/55       AC: 10    Str: 28    XL:     6   Next: 59%
Magic:  5/5        EV:  9    Int:  5    God:
Gold:   237        SH:  5    Dex: 10    Spells: 5/5 levels left

rFire   . . .        a - +0 war axe
rCold   . . .        c - +1 buckler
rNeg    . . .        b - +0 scale mail
rPois   .            (helmet restricted)
rElec   .            (no cloak)
rCorr   .            (no gloves)
SInv    .            n - +2 pair of boots
Will    .....        (no amulet) Stlth
                     h - +6 ring of strength
HPRegen 0.29/turn    (no ring)
MPRegen 0.09/turn

%: no passive effects
@: no status effects
A: horns 2, retaliatory headbutt
a: no special abilities


You were on level 5 of the Dungeon.
You visited 1 branch of the dungeon, and saw 5 of its levels.

You collected 237 gold pieces.

Inventory:

Hand Weapons
 a - a +0 war axe (weapon)
 w - a +0 battleaxe
Missiles
 m - 3 poisoned darts (quivered)
 u - 5 curare-tipped darts
 v - a boomerang
Armour
 b - a +0 scale mail (worn)
 c - a +1 buckler (worn)
 n - a +2 pair of boots (worn)
Jewellery
 h - a +6 ring of strength (left hand)
Wands
 q - a wand of flame (9)
Scrolls
 e - 3 scrolls of enchant armour
 f - 3 scrolls of amnesia
 i - 3 scrolls of teleportation
 k - a scroll of torment
 l - a scroll of poison
 o - a scroll of enchant weapon {unknown}
 r - a scroll of noise {unknown}
 s - a scroll of fog {unknown}
Potions
 d - a potion of might
 g - a potion of brilliance
 j - a potion of curing {unknown}
 p - a potion of lignification {unknown}
 t - a potion of berserk rage {unknown}


   Skills:
 + Level 4.9 Fighting
 + Level 6.1 Axes
 + Level 5.6 Armour
 - Level 4.0 Shields
 + Level 1.0 Evocations


You had 5 spell levels left.
You didn't know any spells.
Your spell library contained the following spells:

 Spells                   Type           Power      Damage    Failure   Level
 Apportation              Tloc           0%         N/A       78%         1
 Beastly Appendage        Tmut           0%         N/A       78%         1
 Necrotise                Necr           0%         1d4       78%         1
 Shock                    Conj/Air       0%         1d3       78%         1
 Summon Small Mammal      Summ           0%         N/A       78%         1
 Sublimation of Blood     Necr           0%         N/A       89%         2
 Wereblood                Tmut           0%         N/A       89%         2
 Spider Form              Tmut/Pois      0%         N/A       98%         3
 Swiftness                Air            0%         N/A       98%         3
 Vhi's Electric Charge    Tloc/Air       0%         N/A       98%         3
 Airstrike                Air            0%         2d(0-16)  100%        4
 Petrify                  Tmut/Erth      0%         N/A       100%        4
 Arcjolt                  Conj/Air       0%         1d10      100%        5
 Irradiate                Conj/Tmut      0%         3d11      100%        5
 Maxwell's Capacitive Co  Air            0%         ∞         100%        8


Dungeon Overview and Level Annotations

Branches:
Dungeon (5/15)
 Temple: D:4-7

Altars:


Innate Abilities, Weirdness & Mutations

You have a pair of horns on your head.
You reflexively headbutt those who attack you in melee.


Message History

You hit the sleepcap.
The sleepcap is lightly damaged.
The sleepcap barely misses you. The sleepcap attacks as you move away!
The sleepcap releases spores at you but does no damage.
The sleepcap attacks as you move away! The sleepcap closely misses you.
You slash the sleepcap!
The sleepcap is heavily damaged.
The sleepcap barely misses you. The sleepcap releases spores at you.
You are engulfed in a cloud of soporific spores!
You fall asleep.
The sleepcap releases spores at you!
You wake up.
You are engulfed in a cloud of soporific spores!
You are unaffected.
You slash the sleepcap! You headbutt the sleepcap.
The sleepcap is severely damaged.
The sleepcap barely misses you. You furiously retaliate!
You headbutt the sleepcap. You hit the sleepcap. You headbutt the sleepcap.
The sleepcap is almost destroyed.
The sleepcap barely misses you.
You hit the sleepcap.
You destroy the sleepcap!
Your Evocations skill increases to level 1!
You hit the wight but do no damage.
The wight hits you with a +4 flail of freezing!
The wight freezes you.
The wight hits you with a +4 flail of freezing.
The wight freezes you.
* * * LOW HITPOINT WARNING * * *
You closely miss the wight. You block the wight's attack.
You closely miss the wight.
You headbutt the wight, but do no damage.
The wight hits you with a +4 flail of freezing.
* * * LOW HITPOINT WARNING * * *
The wight freezes you.
* * * LOW HITPOINT WARNING * * *
You hit the wight but do no damage. Your headbutt misses the wight.
The wight hits you with a +4 flail of freezing!
You die...

+ . .# ...
################.#....
##..................$!.
#>..........#....?#
#.#########..z##### #.#
##..####
####<##########.....#
##.P.....[@z......##.#
#..P..###########......
#..P..####### #.##..##
#...........# #.# .#
#..######.....# #.# #
##......#.#...# #..
######.#.###########
#... #.#.#<......#...
#...
#.#.#.#####.#.##.#...


You could see a wight.

Vanquished Creatures
  A phantom (D:5)
  A wight (D:5)
  A howler monkey (D:5)
  A bullfrog skeleton (D:5)
  A sleepcap (D:5)
  A killer bee zombie (D:5)
  7 adders
  A shadow imp (D:5)
  3 worms
  3 dart slugs
  5 orcs
  6 bats
  6 endoplasms
  6 giant cockroaches
  4 goblins
  7 hobgoblins
  4 jackals
  A quokka (D:2)
  6 ball pythons
  14 frilled lizards
  10 kobolds
  8 rats
97 creatures vanquished.

Notes
Turn   | Place    | Note
-------+----------+-------------------------------------------
     0 | D:1      | cowcol the Minotaur Fighter began the quest for the Orb.
     0 | D:1      | Reached XP level 1. HP: 19/19 MP: 0/0
   611 | D:1      | Reached XP level 2. HP: 27/27 MP: 1/1
   901 | D:1      | Found a faded altar of an unknown god.
  1364 | D:2      | Reached skill level 3 in Axes
  1385 | D:2      | Reached XP level 3. HP: 29/33 MP: 2/2
  1612 | D:2      | You fall into a shaft and drop 1 floor!
  2116 | D:2      | Reached XP level 4. HP: 34/40 MP: 3/3
  2348 | D:3      | Reached skill level 4 in Axes
  2876 | D:4      | Reached XP level 5. HP: 42/47 MP: 4/4
  3610 | D:5      | Entered Level 5 of the Dungeon
  3619 | D:5      | Reached skill level 5 in Axes
  3619 | D:5      | Reached skill level 5 in Armour
  3860 | D:5      | Noticed a phantom
  3867 | D:5      | Killed a phantom
  3868 | D:5      | Reached XP level 6. HP: 52/53 MP: 5/5
  3920 | D:5      | Reached skill level 6 in Axes
  4023 | D:5      | Reached skill level 1 in Evocations
  4026 | D:5      | Slain by a wight

Illustrated notes

Levels and vault maps discovered:
D:1:      lightli_arrival_isolated_outpost, layout_loops_cross,
          dreamdust_ecumenical_altar_hidden_monk_grotto
D:2:      layout_basic, st_stairs_5, minmay_lizard_pond
D:3:      layout_rooms
D:4:      layout_loops_ring, serial_aquarium, aquarium_bridge_straight
          [aquarium_subvault_bridge, aquarium_subvault_wall,
          aquarium_subvault_bridge, aquarium_subvault_wall],
          aquarium_window_corridor_1, aquarium_window_2, aquarium_view_2d,
          aquarium_pool_corner, minmay_misc_feat_square, nrook_mini_vaults
D:5:      layout_basic, serial_undead, serial_undead_b, serial_undead_b,
          serial_undead_f, serial_undead_a, roderic_roman_lattice

Skill      XL: |  1  2  3  4  5  6 |
---------------+-------------------+-----
Shields        | 4 |  4.0
Armour         | 4 5 |  5.6
Fighting       | 4 |  4.9
Axes           | 3 4 5 6 |  6.1
Evocations     | 1 |  1.0

Action                     |  1- 3 |  4- 6 || total
---------------------------+-------+-------++-------
  Melee: War axe           |   134 |    96 ||   230
         Headbutt          |    13 |    18 ||    31
  Throw: Dart              |       |     2 ||     2
  Evoke: Wand              |       |    12 ||    12
    Use: Scroll            |     2 |     4 ||     6
         Potion            |       |     1 ||     1
 Armour: Scale mail        |    61 |    43 ||   104
  Dodge: Dodged            |    47 |    50 ||    97
  Block: Buckler           |    26 |    26 ||    52
